 Dungeon Crawl Stone Soup version 0.27-a0-1202-ge72e49191c (webtiles) character file.

Game seed: 15967007945377566953

138 porpoise the Ruffian (level 5, 0/48 HPs)
             Began as a Troll Hunter on June 3, 2021.
             Slain by Grinder (7 damage)
             ... on level 3 of the Dungeon.
             The game lasted 00:05:19 (1749 turns).

porpoise the Ruffian (Troll Hunter)                 Turns: 1749, Time: 00:05:19

Health: 0/48       AC:  4    Str: 26    XL:     5   Next: 1%
Magic:  4/4        EV: 13    Int:  7    God:
Gold:   78         SH:  0    Dex: 11    Spells: 4/4 levels left

rFire    . . .     SeeInvis .     - Unarmed
rCold    . . .     Faith    .   (no shield)
rNeg     . . .     Spirit   .   n - +0 robe
rPois    .         Reflect  .   (helmet restricted)
rElec    .         Harm     .   (no cloak)
rCorr    .         Rampage  .   (gloves unavailable)
Will     .....                  (boots unavailable)
Stlth    +.........             (no amulet)
HPRegen  1.16/turn              g - +6 ring of strength
MPRegen  0.09/turn              h - +4 ring of evasion

@: no status effects
A: large, unfitting armour, claws 3, regeneration 1, shaggy fur 1, tough skin 1
a: no special abilities


You were on level 3 of the Dungeon.
You visited 1 branch of the dungeon, and saw 3 of its levels.

You collected 90 gold pieces.
You spent 12 gold pieces at shops.

Inventory:

Hand Weapons
 b - a +0 hunting sling
Missiles
 c - 5 large rocks (quivered)
 d - 2 throwing nets
 k - 53 stones
Armour
 n - a +0 robe (worn)
Jewellery
 g - a +6 ring of strength (left claw)
 h - a +4 ring of evasion (right claw)
 l - a +6 ring of intelligence
Wands
 r - a wand of digging (5)
Scrolls
 f - a scroll of amnesia {unknown}
 i - a scroll of fear {unknown}
 m - a scroll of immolation {unknown}
 o - a scroll of identify {unknown}
 p - 4 scrolls of teleportation {unknown}
 q - a scroll of vulnerability {unknown}
Potions
 a - a potion of invisibility {unknown}
 e - a potion of curing {unknown}
 j - a potion of mutation {unknown}
 s - a potion of flight {unknown}
 t - a potion of resistance {unknown}


   Skills:
 - Level 1.5 Fighting
 - Level 3.6 Throwing
 - Level 1.5 Dodging
 - Level 0.3 Stealth
 + Level 4.7 Unarmed Combat


You had 4 spell levels left.
You didn't know any spells.
Your spell library contained the following spells:

 Spells                   Type           Power      Damage    Failure   Level
 Beastly Appendage        Tmut           0%         N/A       43%         1
 Magic Dart               Conj           0%         1d3       43%         1
 Blink                    Tloc           N/A        N/A       56%         2
 Call Imp                 Summ           0%         N/A       56%         2
 Slow                     Hex            0%         N/A       56%         2
 Wereblood                Tmut           0%         N/A       56%         2
 Conjure Flame            Conj/Fire      0%         6-21      80%         3
 Mephitic Cloud           Conj/Pois/Air  0%         N/A       80%         3
 Spider Form              Tmut/Pois      0%         N/A       80%         3
 Ice Form                 Ice/Tmut       0%         N/A       99%         4
 Hydra Form               Tmut           0%         N/A       100%        5


Dungeon Overview and Level Annotations

Branches:
Dungeon (3/15)

Altars:
Gozag

Shops:
D:1 !

Annotations:
D:3 Grinder


Innate Abilities, Weirdness & Mutations

You are too large for most types of armour.
You have claws for hands.
Your natural rate of healing is unusually fast.
You are covered in fur. (AC +1)
You have tough skin. (AC +1)


Message History

Grinder hits you but does no damage. Grinder hits you. x3
You writhe in agony.
Grinder hits you!
You writhe in agony.
Grinder hits you but does no damage.
You can move again.
You barely miss Grinder.
Grinder is lightly wounded.
Grinder hits you.
You closely miss Grinder.
Grinder is lightly wounded.
Grinder hits you but does no damage.
You barely miss Grinder.
Grinder is lightly wounded.
Grinder hits you!
You claw Grinder! You claw Grinder.
Grinder is moderately wounded.
Grinder hits you.
You writhe in agony.
* * * LOW HITPOINT WARNING * * *
Unknown command.
You barely miss Grinder.
Grinder is moderately wounded.
You closely miss Grinder.
Grinder is moderately wounded.
Grinder hits you but does no damage.
You closely miss Grinder. You claw Grinder!
Grinder is severely wounded.
Grinder gestures at you.
You suddenly lose the ability to move!
Grinder hits you.
* * * LOW HITPOINT WARNING * * *
You writhe in agony.
* * * LOW HITPOINT WARNING * * *
Grinder gestures at you. You resist with significant effort.
You can move again.
You closely miss Grinder. You claw Grinder.
Grinder is almost dead.
Grinder hits you!
You die...

##.## #.# #.# #.# #.#
#.##### ##'## #.....#
##...## #####.# #.....##
## #.# .......## ##.# #.#
.....<..####...##.#####.
).......+.......@........
........####...##5#####..
.......## ##.# #.#
#.....## ## ..# .....##
#.# .##+## (.. . ..# ##


You could see Grinder.

Vanquished Creatures
  An iguana (D:2)
  Ijyb (D:3)
  3 gnolls (D:2)
  An adder (D:2)
  A worm (D:2)
  2 dart slugs
  5 ball pythons
  4 bats
  6 endoplasms
  4 giant cockroaches
  3 goblins
  3 hobgoblins
  2 quokkas
  3 frilled lizards
  3 kobolds
  A rat (D:1)
43 creatures vanquished.

Notes
Turn   | Place    | Note
-------+----------+-------------------------------------------
     0 | D:1      | porpoise the Troll Hunter began the quest for the Orb.
     0 | D:1      | Reached XP level 1. HP: 19/19 MP: 0/0
   177 | D:1      | Reached skill level 1 in Unarmed Combat
   318 | D:1      | Reached XP level 2. HP: 27/27 MP: 1/1
   328 | D:1      | Found a faded altar of an unknown god.
   361 | D:1      | Reached skill level 2 in Unarmed Combat
   692 | D:1      | Found Bolumecu's Distillery.
   706 | D:1      | Bought a potion of degeneration for 12 gold pieces
   965 | D:2      | Reached XP level 3. HP: 31/33 MP: 2/2
   969 | D:2      | Reached skill level 3 in Unarmed Combat
  1140 | D:2      | Reached XP level 4. HP: 28/41 MP: 3/3
  1150 | D:2      | Reached skill level 4 in Unarmed Combat
  1213 | D:2      | Found an opulent altar of Gozag.
  1563 | D:3      | Noticed Ijyb
  1574 | D:3      | Killed Ijyb
  1575 | D:3      | Reached XP level 5. HP: 30/48 MP: 4/4
  1726 | D:3      | Noticed Grinder
  1733 | D:3      | Paralysed by Grinder for 6 turns
  1746 | D:3      | Paralysed by Grinder for 2 turns
  1749 | D:3      | Slain by Grinder

Illustrated notes

Levels and vault maps discovered:
D:1:      dpeg_arrival_rooms_with_view, layout_loops_corners, serial_shops,
          nicolae_shop_waterfront, ebering_ecumenical_altar_mist,
          minmay_tetromino_s4
D:2:      layout_rooms, basic_altar, chequers_serial_rivers_micro_d
D:3:      layout_loops_corners, lemuel_doored_altar, uniq_crazy_yiuf_cottage,
          uniq_ijyb, uniq_sigmund, uniq_terence, uniq_grinder

Skill      XL: |  1  2  3  4 |
---------------+-------------+-----
Unarmed Combat | 1 2 3 4 |  4.7
Fighting       | |  1.5
Throwing       | |  3.6
Dodging        | |  1.5
Stealth        | |  0.3

Action                   |  1- 3 |  4- 6 || total
-------------------------+-------+-------++-------
Melee: Short sword       |    50 |       ||    50
       Unarmed           |    31 |    42 ||    73
       Punch             |     1 |     3 ||     4
 Fire: Hunting sling     |    22 |    21 ||    43
 Stab: Sleeping          |     1 |       ||     1
Armor: Robe              |    27 |     9 ||    36
Dodge: Dodged            |    46 |    25 ||    71

Table legend: (Time is in decaauts)
 A = Elapsed time spent in this place.
 B = Non-inter-level travel time spent in this place.
 C = Inter-level travel time spent in this place.
 D = Time resting spent in this place.
 E = Time spent auto-exploring this place.
 F = Levels seen in this place.
 G = Mean time per level.
                   A        B        C        D        E       F      G
               +--------+--------+--------+--------+--------+-----+--------+
         Total |   1742 |   1718 |     24 |    381 |   1013 |   3 |  580.7 |
       Dungeon |   1742 |   1718 |     24 |    381 |   1013 |   3 |  580.7 |
               +--------+--------+--------+--------+--------+-----+--------+

Top non-repeatable levels by time:
     D:1: 943 daAuts
     D:2: 604 daAuts
     D:3: 195 daAuts
